 Dungeon Sprint DCSS version 0.28.0-43-g3370ac3207 (webtiles) character file.

Game seed: 17731005957130491450

1722 boopmooplesden the Cleaver (level 8, 0/90 HPs)
             Began as a Minotaur Berserker on Mar 16, 2022.
             Was a High Priest of Trog.
             Slain by a polar bear (2 damage)
             ... in the Dungeon (Sprint II: "The Violet Keep of Menkaure").
             The game lasted 00:02:34 (988 turns).

boopmooplesden the Cleaver (Minotaur Berserker)      Turns: 988, Time: 00:02:34

Health: 0/90       AC: 10    Str: 25    XL:     8   Next: 75%
Magic:  7/7        EV: 10    Int:  4    God:    Trog [*****.]
Gold:   864        SH:  0    Dex:  9    Spells: 7/7 levels left

rFire   . . .      SeeInvis .   a - +0 hand axe
rCold   . . .      Faith    .   (no shield)
rNeg    . . .      Spirit   .   c - +0 chain mail
rPois   .          Reflect  .   (helmet restricted)
rElec   .          Harm     .   (no cloak)
rCorr   .          Rampage  .   (no gloves)
Will    .....      NoTele   +   (no boots)
Stlth   ..........              (no amulet)
HPRegen 0.25/turn               (no ring)
MPRegen 0.10/turn               (no ring)

@: lethally poisoned (0 -> -10), on berserk cooldown, hasted and slowed
A: horns 2, retaliatory headbutt
a: Renounce Religion, Berserk, Trog's Hand, Brothers in Arms


You were in the Dungeon.
You worshipped Trog.
Trog was extremely pleased with you.
You visited 1 branch You collected 972 gold pieces.
You spent 108 gold pieces at shops.

Inventory:

Hand Weapons
 a - a +0 hand axe (weapon)
Armour
 c - a +0 chain mail (worn)
Scrolls
 h - a scroll of blinking
Potions
 f - 2 potions of magic
 g - a potion of berserk rage


   Skills:
 + Level 14.5 Fighting
 + Level 14.9 Axes
 + Level 8.1 Armour
 + Level 8.4 Dodging


You had 7 spell levels left.
You didn't know any spells.
Your spell library was empty.

Dungeon Overview and Level Annotations

Branches:
Dungeon (1/1)

Altars:
Cheibriados
Dithmenos
Elyvilon
Fedhas
Gozag
Kikubaaqudgha
Makhleb
Nemelex Xobeh
Okawaru
Sif Muna
Trog
Uskayaw
Vehumet
Yredelemnul
Zin
Jiyva
Lugonu

Shops:
D :=?([[(=!:[(?!=

Annotations:
D exclusion: oklob plant


Innate Abilities, Weirdness & Mutations

You have a pair of horns on your head.
You reflexively headbutt those who attack you in melee.


Message History

You suddenly lose the ability to move!
The hornet stings you but does no damage.
You feel very sick. The hornet stings you!
* * * LOW HITPOINT WARNING * * *
You feel as though you will be slow longer.
You feel very sick.
The hornet stings you but does no damage.
The hornet stings you.
* * * LOW HITPOINT WARNING * * *
You feel as though you will be slow longer.
You can move again.
Unknown command.
You feel yourself speed up.
You feel very sick.
The hornet stings you but does no damage.
The hornet closely misses you.
You feel much better.
You feel sick. The hornet stings you!
* * * LOW HITPOINT WARNING * * *
You are more poisoned.
You feel as though you will be slow longer.
You miss the hornet.
The hornet is severely wounded.
* * * LOW HITPOINT WARNING * * *
You feel very sick. The hornet closely misses you.
You slash the hornet!
You kill the hornet!
Trog accepts your kill.
You feel sick.
Your Armour skill increases to level 8!
You hit the polar bear but do no damage.
The polar bear is moderately wounded.
You feel very sick.
You hit the polar bear.
The polar bear is heavily wounded.
You feel sick. The polar bear bites you!
* * * LOW HITPOINT WARNING * * *
The polar bear barely misses you. The polar bear claws you.
You die...

+##.. #. #.##.#### +.###
##.# ...# .^.####
#.####..## #^.##$#
'###.##..# +..#.c#
.####.#..# #..#.†#
<.'.##'..####..##h#
.##...#....###..@##▓▓
'###.##......≈≈≈≈≈≈≈≈≈≈≈
..####≈≈.....≈#+########
#).#≈≈≈≈≈≈§§.≈#_._.....#
..##≈≈≈≈≈≈≈≈.≈#._._....#
+##≈≈≈≈§≈§§§§≈#_._._...#
≈≈≈≈≈≈≈§§§≈§≈#._._._..#
#§'§#≈≈§≈≈§≈§≈#_._._._.#
≈ ##§§§###≈≈#._._._


You could see a polar bear and a yaktaur.

Vanquished Creatures
  A merfolk siren (D)
  A hornet (D)
  2 polar bears (D)
  2 wyverns (D)
  2 water moccasins (D)
  5 scorpions (D)
  3 worms (D)
16 creatures vanquished.

Vanquished Creatures (others)
  Menkaure (D)
1 creature vanquished.

Grand Total: 17 creatures vanquished

Notes
Turn   | Place    | Note
-------+----------+-------------------------------------------
     0 | D        | boopmooplesden the Minotaur Berserker began the quest for
                  | the Orb.
     0 | D        | Reached XP level 1. HP: 19/19 MP: 0/0
     1 | D        | Noticed a wyvern
     1 | D        | Noticed a wyvern
     4 | D        | Killed a wyvern
     5 | D        | Reached XP level 2. HP: 36/36 MP: 1/1
     5 | D        | Reached XP level 3. HP: 41/41 MP: 2/2
     5 | D        | Reached XP level 4. HP: 49/49 MP: 3/3
     5 | D        | Reached XP level 5. HP: 56/56 MP: 4/4
     7 | D        | Killed a wyvern
     8 | D        | Reached skill level 10 in Fighting
     8 | D        | Reached skill level 10 in Axes
     8 | D        | Reached skill level 5 in Armour
     8 | D        | Reached skill level 5 in Dodging
     8 | D        | Reached XP level 6. HP: 66/66 MP: 5/5
    56 | D        | Noticed a merfolk siren
    73 | D        | Killed a merfolk siren
    73 | D        | Reached ** piety under Trog
    74 | D        | Reached XP level 7. HP: 38/77 MP: 6/6
   110 | D        | Killed Menkaure
   267 | D        | Reached *** piety under Trog
   664 | D        | Reached **** piety under Trog
   704 | D        | Found Leupneirph's Jewellery Shop.
   704 | D        | Found Zary's Antique Weapon Boutique.
   704 | D        | Found Zaxkuo's Antique Armour Shop.
   704 | D        | Found Zeinaw's Jewellery Shop.
   704 | D        | Found Nivyqa Rix's Book Shop.
   704 | D        | Found Rutwa's Weapon Boutique.
   705 | D        | Found Kadeb's Antique Armour Boutique.
   705 | D        | Found Uppoc's Armour Shop.
   705 | D        | Found Jyuraz's Antique Weapon Boutique.
   705 | D        | Found Ariad's Magic Scroll Shop.
   706 | D        | Found Gosempyl's Distillery.
   706 | D        | Found Ofovvuxo's Distillery.
   706 | D        | Found Elemam's Magic Scroll Shop.
   706 | D        | Found Ygiptonu's Jewellery Boutique.
   706 | D        | Noticed a polar bear
   706 | D        | Noticed a polar bear
   713 | D        | Reached XP level 8. HP: 57/86 MP: 7/7
   738 | D        | Noticed an oklob plant
   738 | D        | Noticed a shining eye
   739 | D        | Found Raton's Book Shoppe.
   740 | D        | Noticed a shining eye
   746 | D        | Noticed a shining eye
   904 | D        | Bought a chain mail for 108 gold pieces
   914 | D        | Noticed a fire dragon
   950 | D        | Found an iron altar of Okawaru.
   950 | D        | Found a radiant altar of Vehumet.
   950 | D        | Found a glowing silver altar of Zin.
   951 | D        | Found a sparkling altar of Nemelex Xobeh.
   951 | D        | Found a hide-covered altar of Uskayaw.
   952 | D        | Found an opulent altar of Gozag.
   952 | D        | Found a burning altar of Makhleb.
   952 | D        | Found a bloodstained altar of Trog.
   953 | D        | Found a blossoming altar of Fedhas.
   953 | D        | Found a corrupted altar of Lugonu.
   953 | D        | Found a basalt altar of Yredelemnul.
   953 | D        | Found a shimmering blue altar of Sif Muna.
   954 | D        | Found a white marble altar of Elyvilon.
   954 | D        | Found an ancient bone altar of Kikubaaqudgha.
   955 | D        | Found a shadowy altar of Dithmenos.
   955 | D        | Found a viscous altar of Jiyva.
   956 | D        | Found a snail-covered altar of Cheibriados.
   958 | D        | Noticed a yaktaur
   958 | D        | Noticed a hornet
   958 | D        | Noticed a polar bear
   958 | D        | Noticed a polar bear
   968 | D        | Killed a polar bear
   969 | D        | Noticed a polar bear
   973 | D        | Killed a polar bear
   973 | D        | Reached ***** piety under Trog
   980 | D        | Paralysed by a hornet for 3 turns
   986 | D        | Killed a hornet
   988 | D        | HP: 2/90 [polar bear (12)]
   988 | D        | Slain by a polar bear

Illustrated notes

Levels and vault maps discovered:
D:        the_violet_keep_of_menkaure [sprint2_stairs_cluster_1,
          sprint2_shoproom, sprint2_temple, sprint2_basic_supplies,
          sprint2_obstacle_1, sprint2_obstacle_2, sprint2_obstacle_3,
          sprint2_obstacle_4, sprint2_obstacle_6, sprint2_timed_cluster_1,
          sprint2_smallroom_cluster_1, sprint2_smallroom_final_cluster_1,
          sprint2_transparent_cluster_1, sprint2_second_timed_cluster_1,
          sprint2_sniper_area_1, sprint2_heavy_combat_area_1,
          sprint2_mutation_trap_area_1, sprint2_forest_area_1,
          sprint2_light_combat_area_1, sprint2_behind_water_1,
          sprint2_near_end_vault_1]

Skill      XL: |  1  2  3  4  5  6  7  8 |
---------------+-------------------------+-----
Fighting       | 8 10 12 13 14 | 14.5
Axes           | 8 10 12 13 14 | 14.9
Armour         | 4 5 6 7 8 |  8.1
Dodging        | 4 5 6 7 8 |  8.4

Action                   |  1- 3 |  4- 6 |  7- 9 || total
-------------------------+-------+-------+-------++-------
Melee: Hand axe          |     2 |    18 |    61 ||    81
       Headbutt          |       |     4 |     7 ||    11
       Punch             |       |       |     2 ||     2
Invok: Berserk           |     1 |       |     3 ||     4
  Use: Potion            |       |       |     3 ||     3
       Scroll            |       |       |     1 ||     1
Armor: Animal skin       |       |       |     3 ||     3
       Chain mail        |       |       |    19 ||    19
Dodge: Dodged            |     3 |       |    24 ||    27
